 Dungeon Crawl Stone Soup version 0.27-a0-1081-ge8a0a9c698 (webtiles) character file.

Game seed: 1327005564389530639

24 tardwrangler69 the Poker (level 3, -1/28 HPs)
             Began as a Merfolk Gladiator on Apr 25, 2021.
             Slain by a hobgoblin (4 damage)
             ... on level 1 of the Dungeon.
             The game lasted 00:00:42 (558 turns).

tardwrangler69 the Poker (Merfolk Gladiator)         Turns: 558, Time: 00:00:43

Health: -1/28      AC:  4    Str: 15    XL:     3   Next: 2%
Magic:  3/3        EV: 12    Int:  7    God:
Gold:   19         SH:  4    Dex: 15    Spells: 2/2 levels left

rFire    . . .     SeeInvis .   a - +0 trident
rCold    . . .     Faith    .   e - +0 buckler
rNeg     . . .     Spirit   .   b - +0 leather armour
rPois    .         Reflect  .   c - +0 helmet
rElec    .         Harm     .   (no cloak)
rCorr    .         Rampage  .   (no gloves)
Will     .....                  (no boots)
Stlth    +.........             (no amulet)
HPRegen  0.09/turn              (no ring)
MPRegen  0.08/turn              (no ring)

@: no status effects
A: (nimble swimmer 2), mertail
a: no special abilities


You were on level 1 of the Dungeon.
You visited 1 branch of the dungeon, and saw 1 of its levels.

You collected 19 gold pieces.

Inventory:

Hand Weapons
 a - a +0 trident (weapon)
Missiles
 d - 3 throwing nets (quivered)
Armour
 b - a +0 leather armour (worn)
 c - a +0 helmet (worn)
 e - a +0 buckler (worn)
Potions
 f - a potion of heal wounds {unknown}


   Skills:
 + Level 2.6 Fighting
 * Level 5.2 Polearms
 - Level 2.0 Throwing
 + Level 4.3 Dodging
 + Level 0.4 Shields


You had 2 spell levels left.
You didn't know any spells.
Your spell library was empty.

Dungeon Overview and Level Annotations

Branches:
Dungeon (1/15)

Altars:


Innate Abilities, Weirdness & Mutations

((You are quick and stealthy near water. (Stealth+, EV+, Speed+++)))
Your lower body shifts to a powerful aquatic tail in water.


Message History

You puncture the jackal!
You kill the jackal!
You closely miss the jackal. The jackal barely misses you.
A hobgoblin comes into view.
The jackal closely misses you.
You closely miss the jackal.
The hobgoblin shouts!
The jackal bites you but does no damage.
You puncture the jackal!
You kill the jackal!
You hit the frilled lizard.
You kill the frilled lizard!
You hit the hobgoblin.
The hobgoblin is lightly wounded.
You block the hobgoblin's attack.
You barely miss the hobgoblin.
The hobgoblin is lightly wounded.
The hobgoblin barely misses you.
You hit the hobgoblin.
You kill the hobgoblin!
The hobgoblin hits you.
You have reached level 3!
Your experience leads to an increase in your attributes!
Increase (S)trength, (I)ntelligence, or (D)exterity?
You feel stronger.
You barely miss the hobgoblin. The hobgoblin barely misses you.
You barely miss the hobgoblin. The hobgoblin hits you.
You hit the hobgoblin but do no damage.
The hobgoblin hits you but does no damage.
You hit the hobgoblin but do no damage. The hobgoblin hits you.
* * * LOW HITPOINT WARNING * * *
The hobgoblin hits you but does no damage.
You hit the hobgoblin.
The hobgoblin is heavily wounded.
The hobgoblin hits you.
* * * LOW HITPOINT WARNING * * *
You closely miss the hobgoblin.
The hobgoblin is heavily wounded.
The hobgoblin hits you.
You die...

......†.....................
......†.....................
.(..#+#............#..).....
............#.....##........
...........................)
...........#.###.###.#......
.........†.#...#.#...#......
...........###.#.#.###......
......†...g@†..........####.
...####....###.#.#.###.# #.
#....#.#.....#.#.# #.
########....#.###.###.#.# #.
........................# #.
#############.##....##..# #.
#..........#.##.## #.
#.##.)#.........# ##
#.#...#.##...####


You could see a hobgoblin.

Vanquished Creatures
  A dart slug (D:1)
  2 bats (D:1)
  An endoplasm (D:1)
  A giant cockroach (D:1)
  2 goblins (D:1)
  A hobgoblin (D:1)
  6 jackals (D:1)
  A ball python (D:1)
  4 frilled lizards (D:1)
  A kobold (D:1)
  A rat (D:1)
21 creatures vanquished.

Notes
Turn   | Place    | Note
-------+----------+-------------------------------------------
     0 | D:1      | tardwrangler69 the Merfolk Gladiator began the quest for
                  | the Orb.
     0 | D:1      | Reached XP level 1. HP: 16/16 MP: 1/1
   294 | D:1      | Reached XP level 2. HP: 23/23 MP: 2/2
   481 | D:1      | Reached skill level 5 in Polearms
   553 | D:1      | Reached XP level 3. HP: 10/28 MP: 3/3
   558 | D:1      | Slain by a hobgoblin

Illustrated notes

Levels and vault maps discovered:
D:1:      dpeg_arrival_castle, layout_basic, minmay_misc_feat_roman,
          minmay_ruptured

Skill      XL: |  1  2 |
---------------+-------+-----
Polearms       | 5 |  5.2
Fighting       | |  2.6
Throwing       | |  2.0
Dodging        | |  4.3
Shields        | |  0.4

Action                   || total
-------------------------++-------
Melee: Trident           ||    70
Armor: Leather armour    ||    23
Dodge: Dodged            ||    44
Block: Buckler           ||     9

Table legend: (Time is in decaauts)
 A = Elapsed time spent in this place.
 B = Non-inter-level travel time spent in this place.
 C = Inter-level travel time spent in this place.
 D = Time resting spent in this place.
 E = Time spent auto-exploring this place.
 F = Levels seen in this place.
 G = Mean time per level.
                   A        B        C        D        E       F      G
               +--------+--------+--------+--------+--------+-----+--------+
         Total |    552 |    552 |      0 |      0 |    418 |   1 |  552.0 |
       Dungeon |    552 |    552 |      0 |      0 |    418 |   1 |  552.0 |
               +--------+--------+--------+--------+--------+-----+--------+

Top non-repeatable levels by time:
     D:1: 552 daAuts
